 Dungeon Crawl Stone Soup version 0.30.1-11-g7821555f0a (webtiles) character file.

Game seed: 5065523641170229268

1257 hellfireifrit the Grappler (level 8, -4/63 (66) HPs)
             Began as a Black Draconian Transmuter on Nov 13, 2023.
             Was an Initiate of Yredelemnul.
             Shot with an arrow by a gnoll (9 damage)
             ... on level 8 of the Dungeon on Nov 16, 2023.
             The game lasted 00:40:56 (4546 turns).

hellfireifrit the Grappler (DrTm)                   Turns: 4546, Time: 00:40:56

HP:   -4/63 (66)    AC:  7    Str: 15    XL:     8   Next: 26%
MP:   12/13         EV: 12    Int: 14    God:    Yredelemnul [......]
Gold: 0             SH:  0    Dex: 11    Spells: 6/13 levels left

rFire   . .          .
                       - Unarmed
rCold   + + +        (no shield)
rNeg    . . .        (body armour unavailable)
rPois   +            (helmet restricted)
rElec   +            (no cloak)
rCorr   +            n - +0 pair of gloves
SInv    .            (no boots)
Will    .....        r - amulet of regeneration
Stlth   +            q - ring of ice
HPRegen 1.10/turn    (no ring)
MPRegen 0.13/turn

%: no passive effects
@: resistant, wereblooded, flying, lightly drained
A: breathe lightning, AC +6, unfitting armour, electricity resistance,
cold-blooded, big wings, cold resistance 1
a: Breathe Lightning, Renounce Religion, Recall Undead Harvest


You were on level 8 of the Dungeon.
You worshipped Yredelemnul.
Yredelemnul was noncommittal.
You visited 1 branch of the dungeon, and saw 7 of its levels.

You collected 7 gold pieces.
You donated 7 gold pieces to Zin.

Inventory:

Missiles
 g - 10 poisoned darts
 p - a throwing net
Armour
 n - a +0 pair of gloves (worn)
 s - a +0 robe
 u - a +0 robe
Magical Staves
 y - a staff of fire
Jewellery
 q - a ring of ice (left hand)
 r - an amulet of regeneration (around neck)
Wands
 h - a wand of roots (6)
 m - a wand of quicksilver (5)
 w - a wand of mindburst (13)
Scrolls
 b - a scroll of teleportation {unknown}
 f - 2 scrolls of enchant weapon
 i - 6 scrolls of noise
 l - a scroll of poison {unknown}
 v - a scroll of identify
Potions
 a - 2 potions of lignification
 c - a potion of brilliance {unknown}
 o - a potion of might {unknown}
 t - a potion of resistance
 x - a potion of ambrosia {unknown}


   Skills:
 * Level 4.1 Fighting
 + Level 3.4 Dodging
 * Level 8.1 Unarmed Combat
 + Level 3.4 Spellcasting
 + Level 3.4 Transmutations


You had 6 spell levels left.
You knew the following spells:

 Your Spells              Type           Power      Damage    Failure   Level
a - Beastly Appendage     Tmut           24%        N/A       4%          1
b - Wereblood             Tmut           12%        N/A       8%          2
c - Spider Form           Tmut/Pois      7%         N/A       30%         3
d - Necrotise             Necr           8%         1d4       21%         1

Your spell library contained the following spells:

 Spells                   Type           Power      Damage    Failure   Level
 Poisonous Vapours        Pois/Air       4%         N/A       30%         2
 Mephitic Cloud           Conj/Pois/Air  2%         N/A       52%         3
 Vampiric Draining        Necr           2%         2d6       52%         3
 Vhi's Electric Charge    Tloc/Air       4%         N/A       52%         3
 Ice Form                 Ice/Tmut       10%        N/A       71%         4
 Agony                    Necr           2%         N/A       99%         5
 Arcjolt                  Conj/Air       1%         1d11      99%         5
 Freezing Cloud           Conj/Ice/Air   1%         6-21      99%         5
 Plasma Beam              Fire/Air       1%         2x1d12    100%        6


Dungeon Overview and Level Annotations

Branches:
Dungeon (8/15)
 Temple: D:4-7         Lair: D:8-11

Altars:
Cheibriados
Yredelemnul
Zin

Shops:
D:2 !

Annotations:
D:2 1 runed translucent door, Crazy Yiuf
D:7 Maurice


Innate Abilities, Weirdness & Mutations

You can breathe wild blasts of lightning.
Your glossy black scales are hard. (AC +6)
You cannot fit into any form of body armour.
You are resistant to electric shocks. (rElec)
You are cold-blooded and may be slowed by cold attacks.
Your large and strong wings let you fly.
Your flesh is cold resistant. (rC+)


Message History

The gnoll hits you but does no damage.
You closely miss something. Something hits you but does no damage.
You feel protected.
You hear some strange, mumbled words.
A swirling arc of seething chaos appears!
An arc of chaos appears from out of thin air!
The arc of chaos hits the acid dragon.
The acid dragon suddenly seems more resistant.
The gnoll shoots an arrow.
The arrow hits you.
* * * LOW HITPOINT WARNING * * *
The acid dragon spits acid at you.
The splash of acid hits something!!
The gnoll closely misses you.
You hear some strange, mumbled words.
A swirling arc of seething chaos appears!
An arc of chaos appears from out of thin air!
The arc of chaos hits the acid dragon.
The acid dragon suddenly seems more agile.
The arc of chaos hits the gnoll.
The gnoll is devoured by a tear in reality.
You hear a howl!
You hit something but do no damage.
Your tail-slap misses something.
Your punch misses something.
The gnoll shoots an arrow.
The arrow barely misses you. Something hits you.
* * * LOW HITPOINT WARNING * * *
You feel drained.
* * * LOW HITPOINT WARNING * * *
You miss something.
The gnoll shoots an arrow.
The arrow misses you.
You hear some strange, mumbled words.
You barely miss something.
Your tail-slap misses something.
You howl as the wereblood boils in your veins!
Something hits you!
* * * LOW HITPOINT WARNING * * *
You feel drained.
* * * LOW HITPOINT WARNING * * *
The acid dragon spits acid at you.
The splash of acid hits something!!
The acid corrodes something!
Reactivating autopickup.
The dead are walking!
The gnoll shoots an arrow.
The arrow hits you!
You die...
Your body rises from the dead as a mindless zombie.

############
#..........#
#..........#
#..........##
#...........######
#.............##.#
#......<...##..#@#
...........###.#)#####
..............g§Dg...#
..............Z§§#####
........####...§§§.#
........# #..##§§§.#
.....D..#...#......#
..........## .#....#
.....###.## .#######


You could see an acid dragon (agile, resistant, drained, ally target), a gnoll
and the friendly Psyche the human zombie.

Vanquished Creatures
  A wyvern (D:7)
  An orc warrior (D:6)
  An ice beast (D:6)
  A centaur (D:7)
  3 bullfrogs (D:7)
  A gnoll sergeant (D:6)
  3 scorpions
  A hound (D:6)
  2 orc priests
  Jessica (D:2)
  An iguana (D:3)
  2 orc wizards
  5 gnolls
  5 adders
  3 white imps
  3 ufetubi
  3 worms
  3 dart slugs
  15 orcs
  3 endoplasms (D:2)
  4 giant cockroaches
  5 goblins
  6 hobgoblins
  3 jackals (D:2)
  A kobold (D:1)
  2 quokkas (D:3)
  3 ball pythons
  4 bats
  2 frilled lizards
  6 rats
  A spectral goblin (D:1)
95 creatures vanquished.

Vanquished Creatures (others)
  Psyche (D:8)
1 creature vanquished.

Grand Total: 96 creatures vanquished

Notes
Turn   | Place    | Note
-------+----------+-------------------------------------------
     0 | D:1      | hellfireifrit the Draconian Transmuter began the quest for
                  | the Orb.
     0 | D:1      | Reached XP level 1. HP: 16/16 MP: 3/3
   190 | D:1      | Reached XP level 2. HP: 15/23 MP: 3/5
   493 | D:1      | Found a faded altar of an unknown god.
   510 | D:1      | Prayed at the altar of an unknown god.
   510 | D:1      | Became a worshipper of Zin the Law-Giver
   510 | D:1      | Reached * piety under Zin
   513 | D:1      | Fell from the grace of Zin
   845 | D:2      | Reached XP level 3. HP: 27/28 MP: 6/6
   935 | D:2      | Reached skill level 4 in Unarmed Combat
  1024 | D:2      | Found Xubuoneo's Distillery.
  1090 | D:2      | Found a snail-covered altar of Cheibriados.
  1179 | D:2      | Noticed Jessica
  1197 | D:2      | Killed Jessica
  1198 | D:2      | Reached XP level 4. HP: 25/35 MP: 5/7
  1637 | D:2      | Found a runed translucent door.
  1638 | D:2      | Noticed Crazy Yiuf
  2008 | D:3      | Reached XP level 5. HP: 41/41 MP: 8/8
  2034 | D:3      | Gained mutation: You are clumsy. (Dex -2) [potion of
                  | mutation]
  2261 | D:3      | Reached skill level 5 in Unarmed Combat
  2570 | D:4      | Reached XP level 6. HP: 49/50 MP: 7/9
  2587 | D:4      | You fall into a shaft and drop 2 floors!
  2612 | D:6      | Noticed an ice beast
  2620 | D:6      | Killed an ice beast
  2621 | D:6      | Reached skill level 6 in Unarmed Combat
  2677 | D:6      | Learned a level 2 spell: Wereblood
  2681 | D:6      | Learned a level 3 spell: Spider Form
  2720 | D:6      | Lost mutation: You are clumsy. (Dex -2) [potion of
                  | mutation]
  2720 | D:6      | Gained mutation: Your body sometimes deteriorates upon
                  | taking damage. [potion of mutation]
  2720 | D:6      | Gained mutation: Your flesh is heat resistant. (rF+)
                  | [potion of mutation]
  2721 | D:6      | Lost mutation: Your flesh is heat resistant. (rF+) [potion
                  | of mutation]
  2721 | D:6      | Lost mutation: Your body sometimes deteriorates upon taking
                  | damage. [potion of mutation]
  2721 | D:6      | Gained mutation: Your skin changes colour to match your
                  | surroundings (Stealth+). [potion of mutation]
  2721 | D:6      | Gained mutation: Your large and strong wings let you fly.
                  | [potion of mutation]
  2721 | D:6      | Lost mutation: Your skin changes colour to match your
                  | surroundings (Stealth+). [potion of mutation]
  2832 | D:6      | Your scales start taking on a glossy black colour.
  2832 | D:6      | Reached XP level 7. HP: 22/57 MP: 11/11
  2832 | D:6      | Gained mutation: You are resistant to electric shocks.
                  | (rElec) [Black Draconian growth]
  3008 | D:6      | Lost mutation: Your large and strong wings let you fly.
                  | [potion of mutation]
  3008 | D:6      | Gained mutation: Your large and strong wings let you fly.
                  | [potion of mutation]
  3008 | D:6      | Gained mutation: Your flesh is cold resistant. (rC+)
                  | [potion of mutation]
  3347 | D:6      | Reached skill level 7 in Unarmed Combat
  3640 | D:7      | Noticed a wyvern
  3653 | D:7      | Killed a wyvern
  3654 | D:7      | Reached XP level 8. HP: 30/66 MP: 12/12
  3883 | D:7      | Reached skill level 8 in Unarmed Combat
  4039 | D:7      | Found a basalt altar of Yredelemnul.
  4045 | D:7      | Became a worshipper of Yredelemnul the Dark
  4269 | D:8      | Noticed Maurice
  4303 | D:7      | Learned a level 1 spell: Necrotise
  4524 | D:8      | Noticed Psyche
  4546 | D:8      | Killed Psyche
  4546 | D:8      | Shot with an arrow by a gnoll

Illustrated notes

Levels and vault maps discovered:
D:1:      dpeg_arrival_tiny_i, layout_loops_cross, serial_shops, shop,
          dreamdust_ecumenical_altar_drowned_temple, minmay_pentomino_z4
D:2:      layout_basic, serial_shops, nicolae_shop_window_shopping, basic_altar,
          uniq_crazy_yiuf_cottage, uniq_jessica
D:3:      layout_basic, minivault_4
D:4:      layout_basic, mainiacjoe_overflow_boulevard, nzn_wu_jian_council_hall,
          uniq_robin
D:6:      layout_basic
D:7:      layout_loops_cross, lemuel_round_altar, nicolae_eternal_life,
          kennysheep_flooded_box
D:8:      layout_rooms, mainiacjoe_overflow_two_lobes, uniq_psyche,
          uniq_maurice, uniq_gastronok

Skill      XL: |  1  2  3  4  5  6  7  8 |
---------------+-------------------------+-----
Dodging        | 2 3 |  3.4
Unarmed Combat | 4 5 6 7 8 |  8.1
Fighting       | 2 3 4 |  4.1
Spellcasting   | 3 |  3.4
Transmutations | 3 |  3.4

Action                     |  1- 3 |  4- 6 |  7- 9 || total
---------------------------+-------+-------+-------++-------
  Melee: Unarmed           |   108 |   191 |   136 ||   435
         Tailslap          |    13 |    19 |    19 ||    51
         Kick              |     7 |    25 |    24 ||    56
         Headbutt          |     4 |    15 |    16 ||    35
         Punch             |     3 |     4 |     9 ||    16
   Cast: Beastly Appendage |     7 |    14 |    12 ||    33
         Wereblood         |       |       |     2 ||     2
         Spider Form       |       |       |     2 ||     2
 Invoke: Renounce Religion |     1 |       |       ||     1
Ability: Breathe Lightning |       |       |     2 ||     2
    Use: Potion            |       |     4 |     2 ||     6
         Scroll            |       |       |     9 ||     9
 Armour: Skin              |    37 |    46 |    33 ||   116
  Dodge: Dodged            |    72 |   106 |    91 ||   269
